 Dungeon Sprint DCSS version 0.30-a0-6-g7c9e10e132 (webtiles) character file.

Game seed: 9640443446301400805

9 NinjaNoafa the Changer (level 2, -4/23 HPs)
             Began as a Draconian Transmuter on Aug 22, 2022.
             Was an Initiate of Sif Muna.
             Slain by an ice beast (14 damage)
             ... in the Dungeon (Sprint V: "Ziggurat Sprint").
             The game lasted 00:02:25 (188 turns).

NinjaNoafa the Changer (Draconian Transmuter)        Turns: 188, Time: 00:02:26

Health: -4/23      AC:  4    Str: 12    XL:     2   Next: 3%
Magic:  12/13      EV: 12    Int: 31    God:    Sif Muna [......]
Gold:   0          SH:  0    Dex: 11    Spells: 6/9 levels left

rFire   . . .      SeeInvis .    B - +6 Majin-Bo {vamp, MP+6 Int+6}
rCold   . . .      Faith    .    (shield currently unavailable)
rNeg    . . .      Spirit   .    (body armour unavailable)
rPois   .          Reflect  .    (helmet currently unavailable)
rElec   .          Harm     .    (no cloak)
rCorr   .          Rampage  .    (no gloves)
Will    .....      NoTele   +    (boots currently unavailable)
Stlth   +.........               (no amulet)
HPRegen 0.07/turn                t - +6 ring of intelligence
MPRegen 0.13/turn                u - +6 ring of intelligence

@: appendages, wereblooded, slowed, very slow
A: horns 2, talons 2, AC +4, unfitting armour, cold-blooded
a: End Transformation, Renounce Religion


You were in the Dungeon.
You worshipped Sif Muna.
Sif Muna was noncommittal.
You had temporarily grown beastly horns and talons.
You visited 1 branch

Inventory:

Hand Weapons
 B - the +6 Majin-Bo (weapon) {vamp, MP+6 Int+6}
   (You found it in the Dungeon)

   It heals its wielder for a portion of the damage dealt when they wound a
   living foe with it or with a spell.
   Its wielder's spells cost health as well as magical power.
   Int:       It affects your intelligence (+6).
   MP:        It affects your magic capacity (+6).
Armour
 A - a +3 buckler
Jewellery
 q - a ring of flight
 r - a +6 ring of dexterity
 s - a +6 ring of dexterity
 t - a +6 ring of intelligence (left hand)
 u - a +6 ring of intelligence (right hand)
 v - a +6 ring of strength
 w - a +6 ring of strength
Wands
 y - a wand of mindburst (7)
 z - a wand of quicksilver (7)
Scrolls
 g - 4 scrolls of blinking
 m - 4 scrolls of amnesia
 n - 7 scrolls of fog
 o - 5 scrolls of identify
 p - 2 scrolls of fear
Potions
 a - a potion of lignification
 b - 10 potions of curing
 c - 9 potions of heal wounds
 d - 6 potions of haste
 e - 7 potions of magic
 f - 3 potions of berserk rage
 h - 2 potions of brilliance
 i - 2 potions of invisibility
 j - 4 potions of resistance
 l - 5 potions of might
Miscellaneous
 x - a lightning rod (4/4)


   Skills:
 - Level 1.1 Fighting
 - Level 1.7 Dodging
 - Level 3.0 Unarmed Combat
 + Level 4.3 Spellcasting
 + Level 4.6 Transmutations
 + Level 4.0 Ice Magic


You had 6 spell levels left.
You knew the following spells:

 Your Spells              Type           Power      Damage    Failure   Level
a - Beastly Appendage     Tmut           70%        N/A       1%          1
b - Wereblood             Tmut           35%        N/A       1%          2

Your spell library contained the following spells:

 Spells                   Type           Power      Damage    Failure   Level
 Spider Form              Tmut/Pois      21%        N/A       7%          3
 Ice Form                 Ice/Tmut       33%        N/A       10%         4


Dungeon Overview and Level Annotations

Branches:
Dungeon (1/1)

Altars:
Ashenzari
Cheibriados
Dithmenos
Elyvilon
Fedhas
Gozag
Hepliaklqana
Kikubaaqudgha
Makhleb
Nemelex Xobeh
Okawaru
Qazlal
Ru
Sif Muna
Trog
Uskayaw
Vehumet
Wu Jian
Xom
Yredelemnul
Zin
The Shining One
Jiyva
Lugonu

Annotations:
D 1 transporter


Innate Abilities, Weirdness & Mutations

You have temporarily grown beastly horns and talons.
Your plain brown scales are hard. (AC +4)
You cannot fit into any form of body armour.
You are cold-blooded and may be slowed by cold attacks.


Message History

Okay, then.
You closely miss the ice beast. Your kick misses the ice beast.
You tail-slap the ice beast, but do no damage.
You howl as the wereblood boils in your veins!
The ice beast barely misses you.
The ice beast hits you but does no damage.
You barely miss the ice beast. You headbutt the ice beast.
The ice beast is lightly wounded.
The ice beast hits you but does no damage.
You closely miss the ice beast. You claw the ice beast.
You headbutt the ice beast, but do no damage.
The ice beast is lightly wounded.
The ice beast hits you. The ice beast freezes you!
* * * LOW HITPOINT WARNING * * *
You barely miss the ice beast. Your kick misses the ice beast.
Your headbutt misses the ice beast.
The ice beast is lightly wounded.
The ice beast closely misses you. The ice beast barely misses you.
You feel much better.
The ice beast hits you but does no damage.
You completely miss the ice beast. You tail-slap the ice beast.
The ice beast is moderately wounded.
The ice beast closely misses you.
You sock the ice beast!
You claw the ice beast, but do no damage.
You tail-slap the ice beast, but do no damage.
The ice beast is severely wounded.
The ice beast hits you. The ice beast freezes you!
You closely miss the ice beast.
You claw the ice beast, but do no damage.
You headbutt the ice beast, but do no damage.
The ice beast is severely wounded.
You howl as the wereblood boils in your veins!
The ice beast hits you but does no damage.
You sock the ice beast!
You claw the ice beast, but do no damage.
The ice beast is almost dead.
The ice beast hits you. The ice beast freezes you!
You feel yourself slow down.
Ouch! That really hurt!
You die...

▓▓▓▓▓▓▓
▓.8©8.▓
▓.....▓
▓.).).▓
▓.....▓
▓..Y..▓
▓..@..▓
▓▓▓▓▓▓▓


You could see an ice beast.

Vanquished Creatures
  A giant cockroach simulacrum (D)
1 creature vanquished.

Notes
Turn   | Place    | Note
-------+----------+-------------------------------------------
     0 | D        | NinjaNoafa the Draconian Transmuter began the quest for the
                  | Orb.
     0 | D        | Reached XP level 1. HP: 16/16 MP: 3/3
     0 | D        | Found a shimmering blue altar of Sif Muna.
     0 | D        | Found a sacrificial altar of Ru.
     0 | D        | Found a bloodstained altar of Trog.
     0 | D        | Found a stormy altar of Qazlal.
     0 | D        | Found an iron altar of Okawaru.
     0 | D        | Found a sparkling altar of Nemelex Xobeh.
     0 | D        | Found a blossoming altar of Fedhas.
     0 | D        | Found the +6 Majin-Bo {vamp, MP+6 Int+6}
     0 | D        | Found the +9 heavy crossbow "Sniper" {vorpal, Acc+∞ SInv}
     0 | D        | Found the +10 dark maul {vorpal}
     0 | D        | Found the +15 Maxwell's patent armour {-Cast -Tele rElec
                  | Will+ rCorr}
     0 | D        | Found the +18 shield of the Gong {rElec rN+ Will+ EV-5}
     0 | D        | Found the +14 obsidian axe {vorpal, Mesm Drain Fly SInv}
     0 | D        | Found the +7 great mace "Firestarter" {inner flame, rF++}
     0 | D        | Found the +6 shillelagh "Devastator" {shatter}
     0 | D        | Found the +11 plutonium sword {Contam Stlth-}
     0 | D        | Found the +8 lance "Wyrmbane" {slay drac, rPois rF+ rC+
                  | AC+3}
     0 | D        | Found the +9 sword of Zonguldrok {reap}
     0 | D        | Found the +13 scythe of Curses {drain, Drain}
     0 | D        | Found the +5 sword of Power {vorpal}
     0 | D        | Found the +7 mace of Variability {chain chaos}
     0 | D        | Found the +7 Singing Sword {vorpal, sonic wave}
     0 | D        | Found the +8 storm bow {elec, penet}
     2 | D        | Found a transporter.
     2 | D        | Found an ancient bone altar of Kikubaaqudgha.
     2 | D        | Found a viscous altar of Jiyva.
     2 | D        | Found a corrupted altar of Lugonu.
     2 | D        | Found a hazy altar of Hepliaklqana.
     2 | D        | Found a burning altar of Makhleb.
     2 | D        | Found an opulent altar of Gozag.
   131 | D        | Reached XP level 2. HP: 23/23 MP: 7/7
   135 | D        | Learned a level 2 spell: Wereblood
   164 | D        | Became a worshipper of Sif Muna the Loreminder
   174 | D        | Entered arena 2.
   174 | D        | Noticed an ice beast
   174 | D        | Found a transporter.
   182 | D        | HP: 1/23 [ice beast (9)]
   188 | D        | Slain by an ice beast

Illustrated notes

Levels and vault maps discovered:
D:        sprint_v [room_start, room_1, room_2, room_3, room_4, room_5, room_6,
          room_7, room_8, room_9, room_10, room_11, room_12, room_13, room_14,
          room_15, room_16, room_17, room_18, room_19, room_20, room_21,
          room_22, room_23, room_24, room_25, room_26, room_27]

Skill      XL: |  1 |
---------------+----+-----
Spellcasting   | 4 |  4.3
Transmutations | 4 |  4.6
Ice Magic      | 4 |  4.0
Fighting       | |  1.1
Dodging        | |  1.7
Unarmed Combat | |  3.0

Action                   || total
-------------------------++-------
Melee: Quarterstaff      ||     9
       Kick              ||     4
       Headbutt          ||     3
       Tailslap          ||     3
 Cast: Beastly Appendage ||     1
       Wereblood         ||     1
  Use: Potion            ||     2
Armor: Skin              ||     5
Dodge: Dodged            ||     7

Table legend: (Time is in decaauts)
 A = Elapsed time spent in this place.
 B = Non-inter-level travel time spent in this place.
 C = Inter-level travel time spent in this place.
 D = Time resting spent in this place.
 E = Time spent auto-exploring this place.
 F = Levels seen in this place.
 G = Mean time per level.
                   A        B        C        D        E       F      G
               +--------+--------+--------+--------+--------+-----+--------+
         Total |    188 |    171 |     17 |      0 |     91 |   1 |  188.0 |
       Dungeon |    188 |    171 |     17 |      0 |     91 |   1 |  188.0 |
               +--------+--------+--------+--------+--------+-----+--------+

Top non-repeatable levels by time:
       D: 188 daAuts
